 Dungeon Crawl Stone Soup version 0.27-a0-1158-gaa87e14f67 (webtiles) character file.

Game seed: 9176271922808803636

515 senseless the Sneak (level 7, -1/72 HPs)
             Began as an Octopode Berserker on May 15, 2021.
             Was a Priest of Trog.
             Slain by a sky beast (6 damage)
             ... on level 4 of the Dungeon.
             The game lasted 00:10:44 (4363 turns).

senseless the Sneak (Octopode Berserker)            Turns: 4363, Time: 00:10:46

Health: -1/72      AC:  1    Str: 18    XL:     7   Next: 20%
Magic:  7/7        EV: 14    Int: 10    God:    Trog [***...]
Gold:   154        SH:  0    Dex: 11    Spells: 6/6 levels left

rFire    . . .     SeeInvis .   e - +2 short sword (flame)
rCold    . . .     Faith    .   (no shield)
rNeg     . . .     Spirit   .   (helmet restricted)
rPois    .         Reflect  .   (no amulet)
rElec    .         Harm     .   (no ring)
rCorr    .         Rampage  .   (no ring)
Will     .....                  (no ring)
Stlth    ..........             (no ring)
HPRegen  0.22/turn              (no ring)
MPRegen  0.10/turn              (no ring)
                                (no ring)
                                (no ring)

@: berserking, very quick
A: almost no armour, amphibious, 8 rings, camouflage 1, gelatinous body 1,
(nimble swimmer 1), tentacles
a: Renounce Religion, Berserk, Trog's Hand


You were on level 4 of the Dungeon.
You worshipped Trog.
Trog was most pleased with you.
You visited 1 branch of the dungeon, and saw 4 of its levels.

You collected 154 gold pieces.

Inventory:

Hand Weapons
 a - a +0 hand axe
 e - a +2 short sword of flaming (weapon)
Wands
 f - a wand of polymorph (1)
Scrolls
 c - a scroll of identify
Potions
 b - 2 potions of flight
 d - a potion of ambrosia
 i - a potion of heal wounds


   Skills:
 + Level 4.1 Fighting
 + Level 2.6 Short Blades
 + Level 4.5 Axes
 + Level 4.1 Dodging
 + Level 5.6 Stealth


You had 6 spell levels left.
You didn't know any spells.
Your spell library was empty.

Dungeon Overview and Level Annotations

Branches:
Dungeon (4/15)
 Temple: D:4-7

Altars:
Kikubaaqudgha
Vehumet
Wu Jian

Annotations:
D:3 1 runed translucent door, HoaS's ghost, amateur TeBe


Innate Abilities, Weirdness & Mutations

You cannot wear most types of armour.
You are amphibious.
You can wear up to eight rings at the same time.
Your skin changes colour to match your surroundings (Stealth+).
Your rubbery body absorbs attacks. (AC +1, EV +1)
((You are camouflaged near water. (Stealth+)))
You have tentacles for arms and can constrict up to eight enemies at once.


Message History

Trog accepts your kill.
You see here an adder corpse.
The sky beast hits you. The sky beast shocks you.
You barely miss the sky beast. You squeeze the sky beast!
The sky beast is moderately wounded.
The sky beast hits you. The sky beast shocks you.
You closely miss the sky beast. Your squeeze misses the sky beast.
The sky beast is moderately wounded.
The sky beast barely misses you.
You hit the sky beast but do no damage.
The sky beast is moderately wounded.
The sky beast barely misses you.
You hit the sky beast but do no damage.
The sky beast is moderately wounded.
The sky beast misses you.
You closely miss the sky beast.
The sky beast is moderately wounded.
The sky beast closely misses you.
You miss the sky beast.
The sky beast is moderately wounded.
The sky beast closely misses you.
You hit the sky beast. You burn the sky beast.
The sky beast is severely wounded.
The sky beast flickers out of sight!
Deactivating autopickup; reactivate with Ctrl-A.
Something hits you. Something shocks you.
You miss something. Something hits you. Something shocks you.
* * * LOW HITPOINT WARNING * * *
You miss something. Your squeeze misses something. Something hits you.
* * * LOW HITPOINT WARNING * * *
Something shocks you.
* * * LOW HITPOINT WARNING * * *
A red film seems to cover your vision as you go berserk!
You feel yourself moving faster!
You feel mighty!
A sky beast appears from thin air!
Reactivating autopickup.
The sky beast hits you.
* * * LOW HITPOINT WARNING * * *
The sky beast shocks you.
You die...

######## ##......##
##........##
#..........#
#..........#
#......Y...#
#.....@....#
###.....†....#
............##
#######..........#
#####...# ###........#
#<.##...# #..<.....#
#...#...# #...$!...#
##.'#...#+ ##........#
.###.....###........##


You could see a sky beast.

Vanquished Creatures
  Grinder (D:4)
  A phantom (D:4)
  Jessica (D:3)
  3 iguanas
  A hound skeleton (D:4)
  6 gnolls (D:2)
  2 adders
  An adder skeleton (D:4)
  2 worms
  A dart slug (D:1)
  5 bats
  3 endoplasms
  3 giant cockroaches
  5 goblins
  2 hobgoblins
  9 jackals
  2 quokkas (D:4)
  7 ball pythons
  3 frilled lizards
  14 kobolds
  8 rats
  A bush (D:1)
81 creatures vanquished.

Vanquished Creatures (others)
  15 plants
15 creatures vanquished.

Grand Total: 96 creatures vanquished

Notes
Turn   | Place    | Note
-------+----------+-------------------------------------------
     0 | D:1      | senseless the Octopode Berserker began the quest for the
                  | Orb.
     0 | D:1      | Reached XP level 1. HP: 16/16 MP: 1/1
    31 | D:1      | Found a faded altar of an unknown god.
    95 | D:1      | Reached XP level 2. HP: 21/21 MP: 2/2
   731 | D:1      | Reached skill level 1 in Stealth
  1415 | D:2      | Reached XP level 3. HP: 25/26 MP: 3/3
  1608 | D:2      | Reached skill level 2 in Stealth
  1608 | D:2      | Reached XP level 4. HP: 28/31 MP: 4/4
  1691 | D:2      | Reached ** piety under Trog
  2384 | D:2      | Reached XP level 5. HP: 36/37 MP: 5/5
  2824 | D:3      | Found an ornate altar of the Wu Jian Council.
  2892 | D:3      | Found a runed translucent door.
  2893 | D:3      | Noticed HoaS's ghost (amateur TeBe)
  3439 | D:3      | Noticed Jessica
  3445 | D:3      | Killed Jessica
  3446 | D:3      | Reached skill level 3 in Stealth
  3710 | D:4      | Noticed Grinder
  3731 | D:4      | Killed Grinder
  3732 | D:4      | Reached skill level 1 in Short Blades
  3732 | D:4      | Reached skill level 4 in Stealth
  3732 | D:4      | Reached XP level 6. HP: 17/43 MP: 6/6
  3996 | D:4      | Reached *** piety under Trog
  4004 | D:4      | Reached skill level 5 in Stealth
  4004 | D:4      | Reached XP level 7. HP: 33/48 MP: 7/7
  4273 | D:4      | Found an ancient bone altar of Kikubaaqudgha.
  4273 | D:4      | Found a radiant altar of Vehumet.
  4363 | D:4      | Slain by a sky beast

Illustrated notes

Levels and vault maps discovered:
D:1:      beargit_arrival_diablo_church, layout_basic, serial_rivers,
          chequers_serial_rivers_micro_a, chequers_serial_rivers_micro_b,
          chequers_serial_rivers_room_a, chequers_serial_rivers_small_a,
          chequers_ecumenical_altar_island, lexackson_kobold_supper
D:2:      layout_loops_ring, grunt_ministairs_11, serial_bayou_lake_a
D:3:      layout_basic, lemuel_doored_altar, ebering_ghost_inner_flame,
          uniq_jessica
D:4:      layout_rooms, gammafunk_temple_overflow_wave, grunt_ministairs_6,
          uniq_grinder

Skill      XL: |  1  2  3  4  5  6 |
---------------+-------------------+-----
Stealth        | 1 2 4 5 |  5.6
Axes           | 4 |  4.5
Fighting       | 4 |  4.1
Short Blades   | 1 2 |  2.6
Dodging        | 4 |  4.1

Action                   |  1- 3 |  4- 6 |  7- 9 || total
-------------------------+-------+-------+-------++-------
Melee: Hand axe          |   151 |    32 |       ||   183
       Constrict         |    14 |    25 |     2 ||    41
       Tentacles         |    38 |    17 |     3 ||    58
       Short sword       |       |    69 |    18 ||    87
       Unarmed           |       |     1 |       ||     1
Invok: Berserk           |     4 |     4 |     1 ||     9
  Use: Scroll            |     1 |     6 |       ||     7
 Stab: Sleeping          |     5 |    13 |     2 ||    20
Armor: Skin              |     2 |    13 |       ||    15
Dodge: Dodged            |    21 |    44 |     9 ||    74

Table legend: (Time is in decaauts)
 A = Elapsed time spent in this place.
 B = Non-inter-level travel time spent in this place.
 C = Inter-level travel time spent in this place.
 D = Time resting spent in this place.
 E = Time spent auto-exploring this place.
 F = Levels seen in this place.
 G = Mean time per level.
                   A        B        C        D        E       F      G
               +--------+--------+--------+--------+--------+-----+--------+
         Total |   4477 |   4435 |     42 |    369 |   3417 |   4 | 1119.2 |
       Dungeon |   4477 |   4435 |     42 |    369 |   3417 |   4 | 1119.2 |
               +--------+--------+--------+--------+--------+-----+--------+

Top non-repeatable levels by time:
     D:1: 1442 daAuts
     D:2: 1374 daAuts
     D:3: 922 daAuts
     D:4: 737 daAuts
